 Dungeon Crawl Stone Soup version 0.30-a0-12-gd8047c6341 (webtiles) character file.

Game seed: 1273966383218922251

149 SensoryNuts the Chopper (level 5, 0/46 HPs)
             Began as a Minotaur Fighter on Aug 24, 2022.
             Killed by divine providence
             ... invoked by an orc priest
              (13 damage)
             ... on level 2 of the Dungeon.
             The game lasted 00:00:52 (1068 turns).

SensoryNuts the Chopper (Minotaur Fighter)          Turns: 1068, Time: 00:00:53

Health: 0/46       AC:  7    Str: 20    XL:     5   Next: 9%
Magic:  4/4        EV:  9    Int:  5    God:
Gold:   40         SH:  5    Dex: 12    Spells: 4/4 levels left

rFire   . . .      SeeInvis .    a - +0 war axe
rCold   . . .      Faith    .    c - +0 buckler
rNeg    . . .      Spirit   .    b - +0 scale mail
rPois   .          Reflect  .    (helmet restricted)
rElec   .          Harm     .    (no cloak)
rCorr   .          Rampage  .    (no gloves)
Will    .....                    (no boots)
Stlth   ..........               (no amulet)
HPRegen 0.15/turn                (no ring)
MPRegen 0.09/turn                (no ring)

@: mighty
A: horns 2, retaliatory headbutt
a: no special abilities


You were on level 2 of the Dungeon.
You visited 1 branch of the dungeon, and saw 2 of its levels.

You collected 40 gold pieces.

Inventory:

Hand Weapons
 a - a +0 war axe (weapon)
Armour
 b - a +0 scale mail (worn)
 c - a +0 buckler (worn)
Jewellery
 i - a ring of positive energy
 l - an amulet of regeneration
Scrolls
 f - a scroll of blinking {unknown}
 g - 3 scrolls of identify {unknown}
 j - 2 scrolls of teleportation {unknown}
 k - a scroll of enchant weapon {unknown}
Potions
 d - a potion of might
 e - 3 potions of curing {unknown}
 h - a potion of heal wounds {unknown}
 m - a potion of flight {unknown}


   Skills:
 + Level 4.2 Fighting
 * Level 4.9 Axes
 + Level 4.3 Armour
 + Level 1.2 Dodging
 + Level 4.0 Shields


You had 4 spell levels left.
You didn't know any spells.
Your spell library was empty.

Dungeon Overview and Level Annotations

Branches:
Dungeon (2/15)

Altars:


Innate Abilities, Weirdness & Mutations

You have a pair of horns on your head.
You reflexively headbutt those who attack you in melee.


Message History

An orc priest comes into view. It is wielding a +0 trident.
An orc comes into view. It is wielding a +2 vampiric hand axe.
The orc shouts!
The orc priest barely misses you.
You slash the orc priest!
The orc priest is almost dead.
You hit the orc. The orc hits you with a +0 hand axe.
The orc priest looks braver for a moment.
The orc priest hits you but does no damage.
You hit the orc priest but do no damage.
The orc priest is almost dead.
You closely miss the orc. You barely miss the orc.
The orc priest calls down the wrath of Beogh upon you.
Pain shoots through your body! The orc hits you but does no damage.
You slash the orc priest!
You kill the orc priest!
You barely miss the orc. You closely miss the orc.
The orc priest closely misses you.
The orc hits you with a +2 vampiric hand axe!
You have reached level 5!
You are too injured to fight recklessly!
You are too injured to fight recklessly!
Unknown command.
Unknown command.
You are too injured to fight recklessly!
Okay, then.
The orc priest calls upon Beogh to heal the orc.
The orc's wounds heal themselves!
The orc hits you with a +2 vampiric hand axe.
The orc attacks as you move away! The orc hits you with a +0 hand axe.
The orc closely misses you. The orc attacks as you move away!
The orc hits you but does no damage. The orc attacks as you move away!
The orc hits you but does no damage.
You feel very mighty all of a sudden.
The orc hits you with a +2 vampiric hand axe.
* * * LOW HITPOINT WARNING * * *
You barely miss the orc. The orc hits you but does no damage.
The orc priest invokes the aid of Beogh against you.
Beogh smites you!
You die...

##.###÷....# #.#
#.#..÷....# #.#
#...##....# #.#
#....#.#### ##.#
#..<...###. ..#
#.......... ##.#
#......#.##
#..###########.#.#.##
#.oo@........#.#.#...
#.o#########...#.#...
#......... ##..#.####
#.).8...8. #..#.#
#......... #..#.#
#......... #..#.#
#......... $#..#
##..8...8. ##..#
#........ #..#


You could see an orc priest and 2 orcs.

Vanquished Creatures
  An orc priest (D:2)
  Natasha (thrice) (D:2)
  A dart slug (D:1)
  4 endoplasms (D:1)
  2 giant cockroaches (D:1)
  2 goblins
  5 hobgoblins
  6 jackals (D:1)
  5 kobolds
  3 ball pythons
  6 bats
  5 frilled lizards
  2 rats
45 creatures vanquished.

Notes
Turn   | Place    | Note
-------+----------+-------------------------------------------
     0 | D:1      | SensoryNuts the Minotaur Fighter began the quest for the
                  | Orb.
     0 | D:1      | Reached XP level 1. HP: 19/19 MP: 0/0
    51 | D:1      | Reached XP level 2. HP: 19/27 MP: 1/1
   368 | D:1      | Reached XP level 3. HP: 33/33 MP: 2/2
   851 | D:2      | Noticed Natasha
   856 | D:2      | Killed Natasha
   857 | D:2      | Reached skill level 1 in Dodging
   857 | D:2      | Reached XP level 4. HP: 38/40 MP: 3/3
   887 | D:2      | Noticed Natasha
   895 | D:2      | Killed Natasha
   901 | D:2      | Noticed Natasha
   904 | D:2      | Killed Natasha
  1063 | D:2      | Reached XP level 5. HP: 21/46 MP: 4/4
  1068 | D:2      | Killed from afar by an orc priest

Illustrated notes

Levels and vault maps discovered:
D:1:      co_arrival_square_in_a_square_in_a_square, layout_rooms,
          minmay_pentomino_z2
D:2:      cheibrodos_pilgrimage, layout_basic, grunt_ministairs_3, uniq_natasha,
          uniq_robin

Skill      XL: |  1  2  3  4 |
---------------+-------------+-----
Axes           | 3 4 |  4.9
Fighting       | 4 |  4.2
Shields        | 4 |  4.0
Armour         | 4 |  4.3
Dodging        | 1 |  1.2

Action                   |  1- 3 |  4- 6 || total
-------------------------+-------+-------++-------
Melee: War axe           |    87 |    13 ||   100
       Headbutt          |     7 |     2 ||     9
  Use: Potion            |       |     1 ||     1
Armor: Scale mail        |    57 |     7 ||    64
Dodge: Dodged            |    47 |     4 ||    51
Block: Buckler           |    15 |     3 ||    18

Table legend: (Time is in decaauts)
 A = Elapsed time spent in this place.
 B = Non-inter-level travel time spent in this place.
 C = Inter-level travel time spent in this place.
 D = Time resting spent in this place.
 E = Time spent auto-exploring this place.
 F = Levels seen in this place.
 G = Mean time per level.
                   A        B        C        D        E       F      G
               +--------+--------+--------+--------+--------+-----+--------+
         Total |   1117 |   1085 |     32 |      0 |    858 |   2 |  558.5 |
       Dungeon |   1117 |   1085 |     32 |      0 |    858 |   2 |  558.5 |
               +--------+--------+--------+--------+--------+-----+--------+

Top non-repeatable levels by time:
     D:1: 796 daAuts
     D:2: 320 daAuts
